 Dungeon Sprint DCSS version 0.28-a0-796-gd4f0d3f9b2 (webtiles) character file.

Game seed: 6511077457830113887

4014 Conn the Scorcher (level 10, -8/61 HPs)
             Began as an Octopode Fire Elementalist on Nov 6, 2021.
             Was an Elder of Sif Muna.
             Mangled by an unseen horror (11 damage)
             ... in the Dungeon (Sprint I: "Red Sonja").
             The game lasted 00:10:26 (1977 turns).

Conn the Scorcher (Octopode Fire Elementalist)      Turns: 1977, Time: 00:10:26

Health: -8/61      AC: -3    Str:  7    XL:     10   Next: 23%
Magic:  8/24       EV: 15    Int: 21    God:    Sif Muna [****..]
Gold:   1047       SH:  0    Dex: 13    Spells: 17/30 levels left

rFire   . . .      SeeInvis .   h - +1 dagger (distort)
rCold   . . .      Faith    .   (no shield)
rNeg    . . .      Spirit   .   (helmet restricted)
rPois   .          Reflect  .   (no amulet)
rElec   .          Harm     .   (no ring)
rCorr   .          Rampage  .   (no ring)
Will    .....      NoTele   +   (no ring)
Stlth   ++++......              (no ring)
HPRegen 0.20/turn               (no ring)
MPRegen 0.19/turn               (no ring)
                                (no ring)
                                (no ring)

@: corroded
A: almost no armour, amphibious, 8 rings, camouflage 1, gelatinous body 1,
(nimble swimmer 1), tentacles
a: Renounce Religion, Channel Magic, Forget Spell, Divine Exegesis


You were in the Dungeon.
You worshipped Sif Muna.
Sif Muna was greatly pleased with you.
You visited 1 branch You collected 1047 gold pieces.

Inventory:

Hand Weapons
 e - a +0 dagger
 h - a +1 dagger of distortion (weapon)
Missiles
 i - 3 curare-tipped darts (quivered)
Jewellery
 l - a ring of ice
Wands
 g - a wand of iceblast (8)
Scrolls
 f - 2 scrolls of blinking
 j - a scroll of magic mapping {unknown}
 k - a scroll of enchant armour {unknown}
Potions
 a - 2 potions of curing
 b - a potion of heal wounds
 d - 2 potions of magic


   Skills:
 + Level 2.6 Fighting
 + Level 0.5 Short Blades
 + Level 5.5 Dodging
 + Level 6.7 Stealth
 + Level 10.6 Spellcasting
 + Level 8.2 Conjurations
 + Level 4.1 Hexes
 + Level 15.7 Fire Magic
 - Level 7.7 Invocations


You had 17 spell levels left.
You knew the following spells:

 Your Spells              Type           Power      Damage    Failure   Level
a - Foxfire               Conj/Fire      100%       2x1d9     1%          1
b - Conjure Flame         Conj/Fire      57%        6-21      1%          3
c - Inner Flame           Hex/Fire       52%        N/A       1%          3
d - Flame Wave            Conj/Fire      57%        3d10      1%          4
e - Scorch                Fire           100%       2d10      0%          2

Your spell library contained the following spells:

 Spells                   Type           Power      Damage    Failure   Level
 Tukima's Dance           Hex            28%        N/A       3%          3
 Passage of Golubria      Tloc           11%        N/A       52%         4
 Yara's Violent Unravell  Hex/Tmut       9%         3d6       58%         5


Dungeon Overview and Level Annotations

Branches:
Dungeon (1/1)

Altars:
Cheibriados
Dithmenos
Elyvilon
Fedhas
Gozag
Hepliaklqana
Kikubaaqudgha
Makhleb
Nemelex Xobeh
Okawaru
Qazlal
Ru
Sif Muna
Trog
Uskayaw
Vehumet
Wu Jian
Xom
Yredelemnul
Zin
The Shining One
Jiyva
Lugonu

Shops:
D [[[


Innate Abilities, Weirdness & Mutations

You cannot wear most types of armour.
You are amphibious.
You can wear up to eight rings at the same time.
Your skin changes colour to match your surroundings (Stealth+).
Your rubbery body absorbs attacks. (AC +1, EV +1)
((You are camouflaged near water. (Stealth+)))
You have tentacles for arms and can constrict up to eight enemies at once.


Message History

Sif Muna accepts your kill.
You can now call upon Sif Muna to cast any spell from your library.
A wave of flame ripples out!
The flame wave engulfs your foxfire.
Your foxfire completely resists.
You finish channelling waves of flame.
Unknown command.
The jelly barely misses you.
Casting: Flame Wave (safe; 1% risk of failure)
Confirm with . or Enter, or press ? or * to list all spells.
Casting: Flame Wave (safe; 1% risk of failure)
Press: ? - help, Dir - look around, f - activate A wave of flame ripples out!
The flame wave engulfs the jelly!!
You kill the jelly!
Sif Muna accepts your kill.
The flame wave engulfs the jelly!
The jelly is severely wounded. (Press . to intensify the flame waves.)
The jelly hits you. The acid corrodes you!
You are splashed with acid!
A wave of flame ripples out!
The flame wave engulfs something!
The flame wave engulfs the jelly!!
You kill the jelly!
Sif Muna accepts your kill.
The flame wave engulfs the jelly!!
You kill the jelly!
Sif Muna accepts your kill.
The flame wave engulfs the jelly!
The jelly is almost dead.
Something hits you.
Deactivating autopickup; reactivate with Ctrl-A.
Something hits you! Something hits you.
A wave of flame ripples out!
The flame wave engulfs the jelly!!
You kill the jelly!
Sif Muna accepts your kill.
The flame wave engulfs something!
The flame wave engulfs something!!
You finish channelling waves of flame.
Something hits you!
* * * LOW HITPOINT WARNING * * *
Something hits you!
* * * LOW HITPOINT WARNING * * *
Something hits you!
You die...

.__##_.#'##'#####'###
___###'#)#[...###.'.#
######.####)###(###.#
....'...'.)...'.∩##.#
+####...###########.#
###.### #.# #.#'#.#
+.#
#.....#+.+######§#
#...).#....§{@§#§#
#######.....{§#§§#
.....§{§####
...§.§§§# ....≈≈≈##
.≈≈≈≈## #####


There were no monsters in sight!

Vanquished Creatures
  2 centaur warriors (D)
  Sonja (D)
  A deep troll (D)
  An oklob plant (D)
  A hornet (D)
  A slime creature (D)
  Sigmund (D)
  2 redbacks (D)
  A yak (D)
  A floating eye (D)
  An ogre (D)
  8 jellies (D)
  Ijyb (D)
  A ballistomycete spore (D)
23 creatures vanquished.

Vanquished Creatures (others)
  A ballistomycete spore (D)
  80 foxfires (D)
81 creatures vanquished.

Grand Total: 104 creatures vanquished

Notes
Turn   | Place    | Note
-------+----------+-------------------------------------------
     0 | D        | Conn the Octopode Fire Elementalist began the quest for the
                  | Orb.
     0 | D        | Reached XP level 1. HP: 11/11 MP: 3/3
     2 | D        | Noticed Ijyb
     5 | D        | Killed Ijyb
     6 | D        | Reached skill level 5 in Fire Magic
     6 | D        | Reached XP level 2. HP: 17/17 MP: 3/5
    31 | D        | Learned a level 2 spell: Scorch
    43 | D        | Noticed an ogre
    48 | D        | Killed an ogre
    49 | D        | Reached skill level 7 in Fire Magic
    49 | D        | Reached XP level 3. HP: 21/21 MP: 0/7
    49 | D        | Reached XP level 4. HP: 27/27 MP: 0/9
   133 | D        | Learned a level 3 spell: Conjure Flame
   137 | D        | Learned a level 3 spell: Inner Flame
   138 | D        | Noticed Sigmund
   144 | D        | Killed Sigmund
   145 | D        | Reached skill level 5 in Stealth
   145 | D        | Reached skill level 10 in Fire Magic
   145 | D        | Reached XP level 5. HP: 18/31 MP: 4/11
   145 | D        | Reached XP level 6. HP: 20/36 MP: 4/12
   288 | D        | Found an ornate altar of the Wu Jian Council.
   288 | D        | Found a shimmering blue altar of Sif Muna.
   290 | D        | Found a radiant altar of Vehumet.
   302 | D        | Became a worshipper of Sif Muna the Loreminder
   408 | D        | Found a burning altar of Makhleb.
   408 | D        | Found a viscous altar of Jiyva.
   408 | D        | Found a shimmering altar of Xom.
   408 | D        | Found a corrupted altar of Lugonu.
   408 | D        | Noticed a slime creature
   422 | D        | Killed a slime creature
   423 | D        | Reached skill level 5 in Spellcasting
   423 | D        | Reached skill level 5 in Conjurations
   423 | D        | Reached skill level 1 in Hexes
   423 | D        | Reached skill level 11 in Fire Magic
   423 | D        | Reached XP level 7. HP: 19/41 MP: 4/14
   615 | D        | Found Woefuwkuxeo's Antique Armour Emporium.
   615 | D        | Found an ancient bone altar of Kikubaaqudgha.
   615 | D        | Found a hazy altar of Hepliaklqana.
   615 | D        | Found a stormy altar of Qazlal.
   615 | D        | Found a hide-covered altar of Uskayaw.
   615 | D        | Found a blossoming altar of Fedhas.
   615 | D        | Found a bloodstained altar of Trog.
   615 | D        | Found an iron altar of Okawaru.
   615 | D        | Found a basalt altar of Yredelemnul.
   615 | D        | Found a glowing golden altar of the Shining One.
   615 | D        | Found a snail-covered altar of Cheibriados.
   615 | D        | Found a sacrificial altar of Ru.
   615 | D        | Found a glowing silver altar of Zin.
   615 | D        | Found a shadowy altar of Dithmenos.
   615 | D        | Found a white marble altar of Elyvilon.
   615 | D        | Noticed a yak
   620 | D        | Killed a yak
   621 | D        | Reached skill level 12 in Fire Magic
   660 | D        | Found an opulent altar of Gozag.
   661 | D        | Found a sparkling altar of Nemelex Xobeh.
   678 | D        | Learned a level 4 spell: Flame Wave
   680 | D        | Noticed Sonja
   685 | D        | Killed Sonja
   685 | D        | Reached * piety under Sif Muna
   686 | D        | Reached skill level 1 in Fighting
   686 | D        | Reached skill level 13 in Fire Magic
   686 | D        | Reached XP level 8. HP: 48/48 MP: 6/18
   832 | D        | Found Xaleppev's Antique Armour Boutique.
   852 | D        | Noticed a deep troll
   861 | D        | Killed a deep troll
   862 | D        | Reached skill level 14 in Fire Magic
   862 | D        | Reached skill level 5 in Invocations
   862 | D        | Reached XP level 9. HP: 54/54 MP: 11/20
   927 | D        | Found Utzuelee's Armour Emporium.
   949 | D        | Noticed a centaur warrior
   958 | D        | Noticed a centaur warrior
   969 | D        | Killed a centaur warrior
   970 | D        | Reached skill level 5 in Dodging
   983 | D        | Killed a centaur warrior
   983 | D        | Reached ** piety under Sif Muna
   984 | D        | Reached skill level 15 in Fire Magic
  1209 | D        | Noticed a hornet
  1239 | D        | Killed a hornet
  1446 | D        | Noticed an oklob plant
  1630 | D        | Killed an oklob plant
  1631 | D        | Reached skill level 10 in Spellcasting
  1631 | D        | Reached XP level 10. HP: 55/61 MP: 11/24
  1710 | D        | Reached *** piety under Sif Muna
  1972 | D        | Reached **** piety under Sif Muna
  1977 | D        | HP: 3/61 [something (8)]
  1977 | D        | Mangled by an unseen horror

Illustrated notes

Levels and vault maps discovered:
D:        dungeon_sprint_1 [red_sonja_temple_1, red_sonja_temple_small_1]

Skill      XL: |  1  2  3  4  5  6  7  8  9 10 |
---------------+-------------------------------+-----
Stealth        | 3 4 5 6 |  6.7
Conjurations   | 2 3 4 5 6 7 8 |  8.2
Fire Magic     | 5 7 10 11 13 14 15 | 15.7
Dodging        | 3 4 5 |  5.5
Spellcasting   | 3 4 5 7 10 | 10.6
Hexes          | 1 2 4 |  4.1
Fighting       | 1 2 |  2.6
Invocations    | 4 5 7 |  7.7
Short Blades   | |  0.5

Action                   |  1- 3 |  4- 6 |  7- 9 | 10-12 || total
-------------------------+-------+-------+-------+-------++-------
Melee: Unarmed           |     2 |       |       |       ||     2
       Tentacles         |     1 |       |       |     1 ||     2
       Dagger            |     1 |     2 |       |     3 ||     6
       Constrict         |       |       |       |     1 ||     1
 Cast: Scorch            |     2 |     1 |    12 |       ||    15
       Foxfire           |     1 |     8 |    41 |     1 ||    51
       Inner Flame       |       |     1 |     5 |       ||     6
       Conjure Flame     |       |     1 |       |       ||     1
       Flame Wave        |       |       |     3 |     4 ||     7
  Use: Potion            |     1 |       |     1 |     1 ||     3
 Stab: Sleeping          |       |       |       |     1 ||     1
Armor: Skin              |       |       |       |     1 ||     1
Dodge: Dodged            |     1 |     2 |     7 |     5 ||    15

Table legend: (Time is in decaauts)
 A = Elapsed time spent in this place.
 B = Non-inter-level travel time spent in this place.
 C = Inter-level travel time spent in this place.
 D = Time resting spent in this place.
 E = Time spent auto-exploring this place.
 F = Levels seen in this place.
 G = Mean time per level.
                   A        B        C        D        E       F      G
               +--------+--------+--------+--------+--------+-----+--------+
         Total |   1966 |   1966 |      0 |   1458 |      1 |   1 | 1966.0 |
       Dungeon |   1966 |   1966 |      0 |   1458 |      1 |   1 | 1966.0 |
               +--------+--------+--------+--------+--------+-----+--------+

Top non-repeatable levels by time:
       D: 1966 daAuts
